 Dungeon Crawl Stone Soup version 0.19-a0-1457-g32fba05 (webtiles) character file.

32 Amnesiac the Grave Robber (level 3, -1/19 HPs)
             Began as a Deep Elf Necromancer on Sept 7, 2016.
             Slain by a hound (2 damage)
             ... on level 5 of the Dungeon.
             The game lasted 00:03:04 (598 turns).

Amnesiac the Grave Robber (Deep Elf Necromancer)     Turns: 598, Time: 00:03:05

Health: -1/19      AC:  2    Str:  5    XL:     3   Next: 8%
Magic:  5/10       EV: 13    Int: 19    God:
Gold:   10         SH:  0    Dex: 16    Spells: 3 memorised, 2 levels left

rFire  . . .     SeeInvis .     (no weapon)
rCold  . . .     Gourm    .     a - +0 robe
rNeg   . . .     Faith    .     (no shield)
rPois  .         Spirit   .     (no helmet)
rElec  .         Dismiss  .     (no cloak)
rCorr  .         Reflect  .     (no gloves)
MR     .....     Harm     .     (no boots)
Stlth  ++........               (no amulet)
                                (no ring)
                                (no ring)

@: no status effects
A: no striking features
a: no special abilities


You were on level 5 of the Dungeon.
You were not hungry.

You visited 1 branch of the dungeon, and saw 5 of its levels.

You collected 10 gold pieces.

Inventory:

Hand Weapons
 f - a +0 scimitar
Armour
 a - a +0 robe (worn)
 d - a +0 buckler
Scrolls
 e - a scroll of identify {unknown}
Books
 b - a book of Necromancy

   Spells                             Type                      Level
   a - Pain                           Necromancy                   1
   b - Animate Skeleton               Necromancy                   1
   c - Vampiric Draining              Necromancy                   3
   d - Regeneration                   Charms/Necromancy            3
   e - Animate Dead                   Necromancy                   4
   f - Control Undead                 Necromancy                   4
Comestibles
 c - 2 bread rations


   Skills:
 - Level 2.4 Dodging
 - Level 2.4 Stealth
 + Level 3.9 Spellcasting
 + Level 5.6 Necromancy


You had 2 spell levels left.
You knew the following spells:

 Your Spells              Type           Power        Failure   Level  Hunger
f - Vampiric Draining     Necr           ####......   4%          3    ###....
r - Regeneration          Chrm/Necr      ##........   14%         3    ###....
z - Pain                  Necr           ####         1%          1    None


Dungeon Overview and Level Annotations

Branches:
Dungeon (5/15)
 Temple: D:4-7

Altars:

Shops:
D:4 (

Annotations:
D:3 Amnesiac's ghost, weakling DENe
D:4 Robin


Message History

A crimson imp comes into view.
Found a stone staircase leading up.
The goblin closely misses you.
There is a stone staircase leading up here.
A hound comes into view.
The crimson imp shouts!
The crimson imp blinks!
Casting: Pain
Confirm with . or Enter, or press ? or * to list all spells.
Aiming: Vampiric Draining
Press: ? - help, Shift-Dir - straight line, f - hound
Aim: a hound (hasn't noticed you)
The hound barks!
The hound is severely wounded.
You feel life coursing into your body. The hound bites you.
* * * LOW HITPOINT WARNING * * *
The goblin hits you.
* * * LOW HITPOINT WARNING * * *
The hound bites you.
You die...

#.#.# #.#.#
#.#.# .#
####...##..#
#.^........#.
#.#.gg.......
##.#####.##
#g#####.###
#.g@h......
#######.###


You could see a hound and 2 goblins.

Vanquished Creatures
  2 adders
  An orc (D:4)
  A goblin (D:1)
  2 hobgoblins (D:3)
  3 jackals (D:4)
  A bat (D:2)
  2 giant newts
  A jackal skeleton (D:4)
  A kobold (D:1)
14 creatures vanquished.

Notes
Turn   | Place    | Note
-------+----------+-------------------------------------------
     0 | D:1      | Amnesiac the Deep Elf Necromancer began the quest for the Orb.
     0 | D:1      | Reached XP level 1. HP: 10/10 MP: 6/6
   218 | D:1      | Reached skill level 5 in Necromancy
   261 | D:2      | Reached XP level 2. HP: 13/15 MP: 3/8
   418 | D:3      | Noticed Amnesiac's ghost (weakling DENe)
   422 | D:4      | Found Zuhe's Weapon Shoppe.
   526 | D:4      | Noticed a big kobold
   560 | D:4      | Reached XP level 3. HP: 17/19 MP: 6/10
   568 | D:4      | Learned a level 3 spell: Vampiric Draining
   572 | D:4      | Learned a level 3 spell: Regeneration
   585 | D:4      | Noticed Robin
   592 | D:5      | Entered Level 5 of the Dungeon
   598 | D:5      | Slain by a hound

Vault maps used:
D:1:      nicolae_arrival_somewhat_less_tricky_arrival, minmay_newt_pond
D:2:      uniq_jessica
D:3:      first_bread, kennysheep_cross_bottleneck, tgw_sif
D:4:      serial_shops, nicolae_shop_trees, shop, nicolae_shop_crystal,
          nicolae_shop_behind_doors, serial_park_tiny_1, st_stairs_8,
          uniq_robin, uniq_eustachio
D:5:      minmay_misc_feat_five, nemelex_xobeh_ov_fountains_minmay,
          uniq_crazy_yiuf_cottage

Skill      XL: |  1 |
---------------+----+-----
Necromancy     | 5 |  5.6
Dodging        | |  2.4
Stealth        | |  2.4
Spellcasting   | |  3.9

Action                   || total
-------------------------++-------
Melee: Unarmed           ||     5
 Cast: Pain              ||    22
       Vampiric Draining ||     1
  Use: Scroll            ||     3
Armor: Robe              ||     2
Dodge: Dodged            ||    11
